 Dungeon Crawl Stone Soup version 0.30-a0-242-g7bf8e6d787 (webtiles) character file.

Game seed: 17727006388940870081

85 Anon1729 the Chopper (level 4, -3/41 HPs)
             Began as a Minotaur Monk on Oct 11, 2022.
             Slain by a goblin
             ... wielding a +0 dagger
             ... led by Robin
              (4 damage)
             ... on level 2 of the Dungeon.
             The game lasted 00:01:16 (1712 turns).

Anon1729 the Chopper (Minotaur Monk)                Turns: 1712, Time: 00:01:17

Health: -3/41      AC:  2    Str: 18    XL:     4   Next: 25%
Magic:  3/3        EV:  9    Int:  7    God:
Gold:   120        SH:  0    Dex: 12    Spells: 3/3 levels left

rFire   . . .      SeeInvis .    a - +0 hand axe
rCold   . . .      Faith    .    (no shield)
rNeg    . . .      Spirit   .    b - +0 robe
rPois   .          Reflect  .    (helmet restricted)
rElec   .          Harm     .    (no cloak)
rCorr   .          Rampage  .    (no gloves)
Will    .....                    (no boots)
Stlth   ++........               (no amulet)
HPRegen 0.26/turn                (no ring)
MPRegen 0.08/turn                (no ring)

@: grasped by roots, constricted
A: horns 2, retaliatory headbutt
a: no special abilities


You were on level 2 of the Dungeon.
You visited 1 branch of the dungeon, and saw 2 of its levels.

You collected 120 gold pieces.

Inventory:

Hand Weapons
 a - a +0 hand axe (weapon)
Armour
 b - a +0 robe (worn)
Scrolls
 e - a scroll of poison {unknown}
 g - a scroll of fear {unknown}
 i - a scroll of immolation {unknown}
 j - a scroll of teleportation {unknown}
Potions
 c - 2 potions of ambrosia
 d - a potion of curing {unknown}
 f - a potion of cancellation {unknown}
 h - a potion of invisibility {unknown}
 k - 2 potions of attraction {unknown}


   Skills:
 + Level 4.4 Fighting
 * Level 5.0 Axes
 + Level 2.2 Armour
 - Level 3.2 Dodging
 - Level 1.5 Stealth


You had 3 spell levels left.
You didn't know any spells.
Your spell library was empty.

Dungeon Overview and Level Annotations

Branches:
Dungeon (2/15)

Altars:
Vehumet

Shops:
D:2 ==[

Annotations:
D:2 Robin


Innate Abilities, Weirdness & Mutations

You have a pair of horns on your head.
You reflexively headbutt those who attack you in melee.


Message History

You are too injured to fight recklessly!
You are too injured to fight recklessly!
You are too injured to fight recklessly!
You are too injured to fight recklessly!
You are too injured to fight recklessly!
You are too injured to fight recklessly!
You are too injured to fight recklessly!
You are too injured to fight recklessly!
You are too injured to fight recklessly!
You are too injured to fight recklessly!
You are too injured to fight recklessly!
You are too injured to fight recklessly!
You hit Robin.
Robin is heavily wounded.
Robin roars a battlecry!
You hear a shout!
You hit Robin. Your headbutt misses Robin.
Robin is heavily wounded.
Robin closely misses you. You furiously retaliate!
You headbutt Robin. Robin throws the goblin at you! The goblin misses you.
You closely miss Robin.
Robin is almost dead.
You hit the goblin.
Robin zaps a wand.
The roots erupt in riotous growth!
The grasping roots grab you!
Robin is unaffected.
The goblin is unaffected.
The grasping roots constrict you. The goblin hits you with a +0 dagger.
* * * LOW HITPOINT WARNING * * *
You hear a shout!
Unknown command.
Unknown command.
Unknown command.
You barely miss Robin. You headbutt Robin, but do no damage.
Robin is almost dead.
You barely miss the goblin.
Robin hits you with a +2 mace of protection.
* * * LOW HITPOINT WARNING * * *
The grasping roots constrict you.
* * * LOW HITPOINT WARNING * * *
The goblin hits you with a +0 dagger.
You die...

### ###.#
#.g.# #@#
#g# #)#
#.# #.#
#.# #.#
#.#
#########
#.#
#.......#


You could see Robin and a goblin (strong).

Vanquished Creatures
  A gnoll (D:1)
  3 adders (D:2)
  2 worms (D:2)
  A dart slug (D:2)
  3 ball pythons
  3 bats
  5 endoplasms
  A giant cockroach (D:1)
  6 goblins
  6 hobgoblins
  3 kobolds
  2 quokkas
  4 rats
40 creatures vanquished.

Notes
Turn   | Place    | Note
-------+----------+-------------------------------------------
     0 | D:1      | Anon1729 the Minotaur Monk began the quest for the Orb.
     0 | D:1      | Reached XP level 1. HP: 19/19 MP: 0/0
   131 | D:1      | Found a faded altar of an unknown god.
   152 | D:1      | Reached skill level 4 in Axes
   152 | D:1      | Reached XP level 2. HP: 26/27 MP: 1/1
   154 | D:1      | Reached skill level 1 in Armour
   164 | D:1      | Prayed at the altar of an unknown god.
   164 | D:1      | Became a worshipper of Vehumet
   164 | D:1      | Reached * piety under Vehumet
   164 | D:1      | Offered knowledge of Freeze by Vehumet.
   164 | D:1      | Reached ** piety under Vehumet
   165 | D:1      | Fell from the grace of Vehumet
   438 | D:1      | Reached XP level 3. HP: 33/33 MP: 2/2
  1211 | D:2      | Found Ywerha's Jewellery Emporium.
  1296 | D:2      | Reached XP level 4. HP: 32/40 MP: 3/3
  1356 | D:2      | Found Fuolet's Armour Boutique.
  1421 | D:2      | Found Buocrat's Jewellery Emporium.
  1531 | D:2      | Reached skill level 5 in Axes
  1701 | D:2      | Noticed Robin
  1712 | D:2      | HP: 1/41 [constriction (2)]
  1712 | D:2      | Slain by a goblin

Illustrated notes

Levels and vault maps discovered:
D:1:      lightli_iron_boxes, layout_basic, ebering_ecumenical_altar_hall
D:2:      layout_basic, serial_shops, shop, nicolae_shop_crystal, shop,
          uniq_robin

Skill      XL: |  1  2  3  4 |
---------------+-------------+-----
Axes           | 4 5 |  5.0
Armour         | 1 2 |  2.2
Fighting       | 4 |  4.4
Dodging        | |  3.2
Stealth        | |  1.5

Action                   |  1- 3 |  4- 6 || total
-------------------------+-------+-------++-------
Melee: Hand axe          |    60 |    33 ||    93
       Headbutt          |    11 |     7 ||    18
       Punch             |       |     1 ||     1
Invok: Renounce Religion |     1 |       ||     1
 Stab: Sleeping          |     1 |       ||     1
Armor: Robe              |    13 |     4 ||    17
Dodge: Dodged            |    42 |    12 ||    54

Table legend: (Time is in decaauts)
 A = Elapsed time spent in this place.
 B = Non-inter-level travel time spent in this place.
 C = Inter-level travel time spent in this place.
 D = Time resting spent in this place.
 E = Time spent auto-exploring this place.
 F = Levels seen in this place.
 G = Mean time per level.
                   A        B        C        D        E       F      G
               +--------+--------+--------+--------+--------+-----+--------+
         Total |   1723 |   1683 |     40 |      7 |   1436 |   2 |  861.5 |
       Dungeon |   1723 |   1683 |     40 |      7 |   1436 |   2 |  861.5 |
               +--------+--------+--------+--------+--------+-----+--------+

Top non-repeatable levels by time:
     D:1: 994 daAuts
     D:2: 728 daAuts
